 Dungeon Crawl Stone Soup version 0.31-a0-1068-g5939ac1fb6 (webtiles) character file.

Game seed: 11137791195307756060

89 Descartes the Digger (level 4, -3/16 (30) HPs)
             Began as a Formicid Earth Elementalist on Nov 24, 2023.
             Slain by a gnoll
             ... wielding a +0 spear
              (6 damage)
             ... on level 3 of the Dungeon on Nov 25, 2023.
             The game lasted 00:06:56 (2406 turns).

Descartes the Digger (Formicid Earth Elementalist)  Turns: 2406, Time: 00:06:57

HP:   -3/16 (30)    AC:  5    Str: 14    XL:     4   Next: 84%
MP:   6/7           EV: 11    Int: 15    God:
Gold: 113           SH:  0    Dex: 14    Spells: 6/7 levels left

rFire   . . .        h - +0 mace
rCold   + . .        (no shield)
rNeg    . . .        e - +0 ring mail
rPois   .            (helmet unavailable)
rElec   .            (no cloak)
rCorr   .            (no gloves)
SInv    +            (no boots)
Will    .....        l - amulet of regeneration
Stlth   +            j - ring of protection from cold
HPRegen 1.02/turn    (no ring)
MPRegen 0.10/turn

%: no passive effects
@: very heavily drained
A: permanent stasis, dig shafts and tunnels, antennae 3, four strong arms
a: Dig, Shaft Self


You were on level 3 of the Dungeon.
You visited 1 branch of the dungeon, and saw 3 of its levels.

You collected 113 gold pieces.

Inventory:

Hand Weapons
 h - a +0 mace (weapon)
Missiles
 p - 5 poisoned darts
Armour
 a - a +0 robe
 e - a +0 ring mail (worn)
Jewellery
 j - a ring of protection from cold (left hand)
 l - an amulet of regeneration (around neck)
Scrolls
 i - a scroll of brand weapon
 k - a scroll of vulnerability
 m - a scroll of blinking
 o - a scroll of enchant weapon
Potions
 b - 2 potions of magic
 d - a potion of resistance {unknown}
 f - 3 potions of degeneration {unknown}
 g - 2 potions of ambrosia {unknown}
 n - a potion of curing {unknown}


   Skills:
 - Level 1.7 Dodging
 - Level 2.4 Stealth
 - Level 2.1 Spellcasting
 - Level 1.1 Transmutations
 + Level 6.3 Earth Magic


You had 6 spell levels left.
You knew the following spells:

 Your Spells              Type           Power      Damage    Failure   Level
a - Sandblast             Erth           40%        2d10      3%          1

Your spell library contained the following spells:

 Spells                   Type           Power      Damage    Failure   Level
 Passwall                 Tmut/Erth      10%        N/A       16%         2
 Stone Arrow              Conj/Erth      22%        3d8       36%         3
 Petrify                  Tmut/Erth      12%        N/A       69%         4
 Brom's Barrelling Bould  Conj/Erth      11%        2d3       77%         4


Dungeon Overview and Level Annotations

Branches:
Dungeon (3/15)

Altars:
Ashenzari


Innate Abilities, Weirdness & Mutations

You cannot be hasted, slowed, berserked, paralysed or teleported.
You can dig through walls and to a lower floor.
You have a pair of large antennae on your head. (SInv)
Your four strong arms can wield two-handed weapons with a shield.


Message History

You dig through the rock wall.
You feel drained.
You dig through the rock wall.
You feel drained.
You dig through the rock wall.
You feel drained.
You dig through the rock wall.
You feel drained.
You dig through the rock wall.
You feel drained.
You dig through the rock wall.
You feel drained.
You hear the slow rusting of a distant drain.
You retract your mandibles.
You now have 113 gold pieces (gained 11).
You extend your mandibles.
You dig through the rock wall.
You feel drained.
An adder comes into view.
Found a war axe and a scroll labelled HOINYONWOPN.
You retract your mandibles.
The adder hisses angrily.
The adder bites you. The adder closely misses you.
You closely miss the adder. The adder barely misses you.
You miss the adder. The adder misses you. x2
You miss the adder. The adder closely misses you. x2
The gnoll hits you from afar with a +0 spear.
You barely miss the adder. The adder bites you.
The gnoll hits you from afar with a +0 spear.
The adder bites you but does no damage.
You barely miss the adder. The adder closely misses you.
The gnoll closely misses you. The adder bites you but does no damage.
Casting: Sandblast (safe; 3% risk of failure)
Confirm with . or Enter, or press ? or * to list all spells.
Aiming: Sandblast (safe; 3% risk of failure)
Press: ? - help, Shift-Dir - straight line, f - adder
Aim: an adder (72% to hit)
The blast of sand hits the adder.
The adder is heavily wounded.
The gnoll hits you from afar with a +0 spear.
The adder barely misses you.
The gnoll hits you from afar with a +0 spear.
* * * LOW HITPOINT WARNING * * *
The adder closely misses you. The gnoll attacks as it pursues you!
The gnoll hits you from afar with a +0 spear.
You die...

##.###.####.......# #.#
#.#..<.......# #.#
#.............
##.#####......).#####
.....###.......##...##
..............##.....##
#.###..##.#####.......#
#...#.## #..?....+
#..#..#.## #.@S....#
.....#.###.####....)##
#....##.# ##{{#g#...##
#....##.###{##.######
##..##...#{#####
#..##..#{## { #...#.#
##..##{# { #..###.#


You could see a gnoll and an adder.

Vanquished Creatures
  2 adders
  2 worms (D:2)
  4 dart slugs
  6 endoplasms
  6 giant cockroaches
  7 goblins
  3 hobgoblins
  3 jackals (D:2)
  6 kobolds
  A quokka (D:3)
  5 ball pythons
  2 frilled lizards
  2 rats (D:1)
49 creatures vanquished.

Notes
Turn   | Place    | Note
-------+----------+-------------------------------------------
     0 | D:1      | Descartes the Formicid Earth Elementalist began the quest
                  | for the Orb.
     0 | D:1      | Reached XP level 1. HP: 13/13 MP: 3/3
    40 | D:1      | Reached skill level 4 in Earth Magic
    70 | D:1      | Reached XP level 2. HP: 17/19 MP: 0/5
   583 | D:1      | Reached XP level 3. HP: 24/24 MP: 3/6
   621 | D:1      | Reached skill level 5 in Earth Magic
  1284 | D:2      | Reached XP level 4. HP: 30/30 MP: 3/7
  1719 | D:2      | Reached skill level 6 in Earth Magic
  2294 | D:3      | Found a broken altar of Ashenzari.
  2406 | D:3      | Slain by a gnoll

Illustrated notes

Levels and vault maps discovered:
D:1:      ebering_trefoil_3fold, layout_basic,
          hangedman_abyss_or_decor_lesser_grid, hangedman_decor_points,
          minmay_ruptured
D:2:      layout_basic
D:3:      kennysheep_six_static_rooms, layout_loops_ring,
          mainiacjoe_overflow_tiny_flanked, marbit_many_paths,
          mainiacjoe_sewer_entry_somewhere_in_here_2,
          chequers_hall_statues_wall_a, minmay_misc_feat_x,
          kennysheep_cross_bottleneck

Skill      XL: |  1  2  3  4 |
---------------+-------------+-----
Earth Magic    | 4 5 6 |  6.3
Dodging        | |  1.7
Stealth        | |  2.4
Spellcasting   | |  2.1
Transmutations | |  1.1

Action                     |  1- 3 |  4- 6 || total
---------------------------+-------+-------++-------
  Melee: Mace              |       |     6 ||     6
   Cast: Sandblast         |    47 |    28 ||    75
Ability: Dig               |       |     3 ||     3
    Use: Scroll            |       |     7 ||     7
 Armour: Robe              |     5 |       ||     5
         Ring mail         |    11 |    25 ||    36
  Dodge: Dodged            |    12 |    27 ||    39

Table legend: (Time is in decaauts)
 A = Elapsed time spent in this place.
 B = Non-inter-level travel time spent in this place.
 C = Inter-level travel time spent in this place.
 D = Time resting spent in this place.
 E = Time spent auto-exploring this place.
 F = Levels seen in this place.
 G = Mean time per level.
                   A        B        C        D        E       F      G
               +--------+--------+--------+--------+--------+-----+--------+
         Total |   2444 |   2402 |     42 |      0 |   1944 |   3 |  814.7 |
       Dungeon |   2444 |   2402 |     42 |      0 |   1944 |   3 |  814.7 |
               +--------+--------+--------+--------+--------+-----+--------+

Top non-repeatable levels by time:
     D:2: 1194 daAuts
     D:1: 1021 daAuts
     D:3: 228 daAuts
